 Dungeon Crawl Stone Soup version 0.28-a0-1594-ga885d4b3d6 (webtiles) character file.

Game seed: 5790293709093060940

64 psuckher the Sneak (level 3, -3/28 HPs)
             Began as a Demonspawn Brigand on Jan 20, 2022.
             Slain by a worm (5 damage)
             ... on level 2 of the Dungeon.
             The game lasted 00:08:53 (1445 turns).

psuckher the Sneak (Demonspawn Brigand)             Turns: 1445, Time: 00:08:53

Health: -3/28      AC:  4    Str: 11    XL:     3   Next: 91%
Magic:  3/3        EV: 12    Int: 12    God:
Gold:   21         SH:  0    Dex: 16    Spells: 2/2 levels left

rFire   . . .      SeeInvis .   a - +2 dagger
rCold   . . .      Faith    .   (no shield)
rNeg    . . .      Spirit   .   b - +0 robe
rPois   .          Reflect  .   (helmet restricted)
rElec   .          Harm     .   m - scarf {repulsion}
rCorr   .          Rampage  .   i - +0 pair of gloves
Will    .....                   (no boots)
Stlth   +++.......              (no amulet)
HPRegen 0.09/turn               (no ring)
MPRegen 0.08/turn               (no ring)

@: repel missiles
A: antennae 1, rugged brown scales 1
a: no special abilities


You were on level 2 of the Dungeon.
You visited 1 branch of the dungeon, and saw 2 of its levels.

You collected 21 gold pieces.

Inventory:

Hand Weapons
 a - a +2 dagger (weapon)
Missiles
 d - 3 poisoned darts (quivered)
 e - 2 curare-tipped darts
Armour
 b - a +0 robe (worn)
 c - a +0 cloak
 i - a +0 pair of gloves (worn)
 m - a scarf of repulsion (worn)
Scrolls
 f - a scroll of immolation {unknown}
 j - a scroll of fog {unknown}
 k - a scroll of blinking {unknown}
 l - a scroll of torment {unknown}


   Skills:
 + Level 2.5 Fighting
 + Level 2.4 Short Blades
 + Level 2.2 Throwing
 + Level 1.0 Dodging
 + Level 4.3 Stealth


You had 2 spell levels left.
You didn't know any spells.
Your spell library was empty.

Dungeon Overview and Level Annotations

Branches:
Dungeon (2/15)

Altars:


Innate Abilities, Weirdness & Mutations

You have a pair of small antennae on your head.
You are partially covered in rugged brown scales. (AC +1, +3% HP)


Message History

A worm comes into view.
The goblin hits you with a +0 dagger.
You hit the goblin.
You kill the goblin!
Things that are here:
a +0 dagger; a goblin corpse Throw: 4 darts (poison)
Press: ? - help, Q - select action, (/) - cycle Shift-Dir - straight line, f - worm
Aim: a worm (wandering, hasn't noticed you, 79% to hit)
You throw a poisoned dart.
The poisoned dart barely misses the worm.
A worm comes into view.
You see here a poisoned dart.
You barely miss the worm. You punch the worm, but do no damage.
You hit the worm.
The worm is lightly wounded.
The worm bites you but does no damage.
You hit the worm.
The worm is lightly wounded.
You hit the worm.
The worm is moderately wounded.
The worm closely misses you. The worm barely misses you.
You hit the worm.
The worm is moderately wounded.
You hit the worm but do no damage.
The worm is moderately wounded.
The worm bites you. x2
You barely miss the worm.
The worm is moderately wounded.
You barely miss the worm.
The worm is moderately wounded.
The worm closely misses you. The worm bites you!
* * * LOW HITPOINT WARNING * * *
You hit the worm.
The worm is moderately wounded.
The worm barely misses you.
As you read the scroll labelled DIN ERCHOTHE, it crumbles to dust.
You feel aware of your surroundings.
You sensed 1 altar.
It was a scroll of magic mapping.
The worm bites you.
You die...

,,,*****,********
#########,*,##
,,,* *,,,,,,,,*
#.......#,*,..
**** ********,*
#.#####.#,**##
######+####.#
#.#,,,,,
#.....(...#)#
#.#*****
#.........#.#
###.######
#.........#.#
#.........
#.........#.#
#...######
#.....w@w...#
#.........
#.........###
#.........
#.........#
#.........
#.........#
#.........
#.........#
#.........
###########
#...###### #...#
# #...# #####


You could see 2 worms.

Vanquished Creatures
  3 gnolls (D:2)
  A worm (D:2)
  2 ball pythons (D:1)
  4 endoplasms
  2 giant cockroaches
  3 goblins
  2 hobgoblins (D:1)
  7 kobolds
  2 quokkas (D:1)
  A bat (D:1)
  4 rats
31 creatures vanquished.

Notes
Turn   | Place    | Note
-------+----------+-------------------------------------------
     0 | D:1      | psuckher the Demonspawn Brigand began the quest for the
                  | Orb.
     0 | D:1      | Reached XP level 1. HP: 16/16 MP: 1/1
   287 | D:1      | Gained mutation: You have a pair of small antennae on your
                  | head. [demonic ancestry]
   287 | D:1      | Reached XP level 2. HP: 15/22 MP: 2/2
   291 | D:1      | Reached skill level 4 in Stealth
   979 | D:2      | HP: 1/22 [worm (3)]
  1260 | D:2      | Gained mutation: You are partially covered in rugged brown
                  | scales. (AC +1, +3% HP) [demonic ancestry]
  1260 | D:2      | Reached XP level 3. HP: 17/27 MP: 3/3
  1288 | D:2      | Reached skill level 1 in Dodging
  1445 | D:2      | Slain by a worm

Illustrated notes

Levels and vault maps discovered:
D:1:      minmay_arrival_loop, layout_basic, minmay_statues_item
D:2:      layout_basic, basic_ecumenical_altar

Skill      XL: |  1  2  3 |
---------------+----------+-----
Stealth        | 4 |  4.3
Throwing       | 2 |  2.2
Short Blades   | 2 |  2.4
Dodging        | 1 |  1.0
Fighting       | |  2.5

Action                   || total
-------------------------++-------
Melee: Dagger            ||    84
       Punch             ||     4
Throw: Dart              ||    34
  Use: Potion            ||     2
       Scroll            ||     1
Armor: Robe              ||    16
Dodge: Dodged            ||    43

Table legend: (Time is in decaauts)
 A = Elapsed time spent in this place.
 B = Non-inter-level travel time spent in this place.
 C = Inter-level travel time spent in this place.
 D = Time resting spent in this place.
 E = Time spent auto-exploring this place.
 F = Levels seen in this place.
 G = Mean time per level.
                   A        B        C        D        E       F      G
               +--------+--------+--------+--------+--------+-----+--------+
         Total |   1433 |   1259 |    174 |      0 |      0 |   2 |  716.5 |
       Dungeon |   1433 |   1259 |    174 |      0 |      0 |   2 |  716.5 |
               +--------+--------+--------+--------+--------+-----+--------+

Top non-repeatable levels by time:
     D:1: 768 daAuts
     D:2: 664 daAuts
